 Dungeon Crawl Stone Soup version 0.30.1-11-g7821555f0a (webtiles) character file.

Game seed: 4598478574756978032

2458 fireball365 the Cleaver (level 9, -7/78 HPs)
             Began as a Hill Orc Fighter on Dec 10, 2023.
             Was an Initiate of Gozag.
             Mangled by an orc warrior
             ... wielding a +0 glaive
              (19 damage)
             ... on level 7 of the Dungeon.
             The game lasted 00:12:47 (5389 turns).

fireball365 the Cleaver (Hill Orc Fighter)          Turns: 5389, Time: 00:12:48

Health: -7/78      AC: 10    Str: 23    XL:     9   Next: 50%
Magic:  9/9        EV: 10    Int:  8    God:    Gozag
Gold:   378        SH:  5    Dex: 10    Spells: 8/8 levels left

rFire   . . .        E - +7 war axe of the Bursted God {freeze, *Corrode rN++}
rCold   . . .        c - +0 buckler
rNeg    + + .        b - +0 scale mail
rPois   +            (no helmet)
rElec   .            G - +0 cloak
rCorr   .            v - +0 pair of gloves
SInv    .            (no boots)
Will    .....        s - amulet of regeneration Stlth
                     u - ring of poison resistance
HPRegen 1.13/turn    (no ring)
MPRegen 0.11/turn

%: corrode self (3%)
@: gold aura
A: no striking features
a: Renounce Religion, Potion Petition, Call Merchant, Bribe Branch


You were on level 7 of the Dungeon.
You worshipped Gozag.
Gozag was aware of your devotion.
You visited 2 branches of the dungeon, and saw 8 of its levels.
You also visited: Sewer.

You collected 485 gold pieces.
You paid 107 gold pieces to Gozag.

Inventory:

Hand Weapons
 a - a +0 war axe
 x - the +6 flail "Timellil" {flame, rN++ Will- Int+6}
   (You found it on level 3 of the Dungeon)

   Int:       It affects your intelligence (+6).
   rN:        It greatly protects you from negative energy.
   Will:      It decreases your willpower.
 C - a +2 heavy great sword
 E - the +7 war axe of the Bursted God (weapon) {freeze, *Corrode rN++}
   (You acquired it on level 5 of the Dungeon)

   rN:        It greatly protects you from negative energy.
   *Corrode:  It may corrode you when you take damage.
Missiles
 o - 12 poisoned darts (quivered)
Armour
 b - a +0 scale mail (worn)
 c - a +0 buckler (worn)
 v - a +0 pair of gloves (worn)
 G - a +0 cloak (worn)
 I - a +0 plate armour
Jewellery
 n - an amulet of faith
 s - an amulet of regeneration (around neck)
 u - a ring of poison resistance (left hand)
 y - a ring of wizardry
Wands
 r - a wand of digging (6)
Scrolls
 e - 2 scrolls of butterflies
 g - 5 scrolls of noise
 i - a scroll of fear
 j - 5 scrolls of teleportation
 l - 2 scrolls of poison
 p - a scroll of enchant weapon {unknown}
 t - a scroll of vulnerability
 B - 3 scrolls of amnesia
 F - 2 scrolls of magic mapping
 H - a scroll of torment
 K - a scroll of identify
Potions
 d - 3 potions of might
 f - 2 potions of flight {unknown}
 h - a potion of attraction {unknown}
 k - 3 potions of heal wounds {unknown}
 m - a potion of degeneration {unknown}
 q - a potion of mutation {unknown}
 w - a potion of berserk rage
 z - 3 potions of haste
 A - a potion of resistance {unknown}
 D - a potion of curing
 J - a potion of brilliance {unknown}


   Skills:
 + Level 6.8 Fighting
 + Level 11.0 Axes
 + Level 7.4 Armour
 + Level 3.0 Dodging
 + Level 1.0 Stealth
 + Level 4.9 Shields


You had 8 spell levels left.
You didn't know any spells.
Your spell library contained the following spells:

 Spells                   Type           Power      Damage    Failure   Level
 Kiss of Death            Conj/Necr      0%         2d5       75%         1
 Magic Dart               Conj           0%         1d3       75%         1
 Call Imp                 Summ           0%         N/A       87%         2
 Confusing Touch          Hex            0%         N/A       98%         3
 Mephitic Cloud           Conj/Pois/Air  0%         N/A       98%         3
 Vhi's Electric Charge    Tloc/Air       0%         N/A       98%         3
 Dispel Undead            Necr           0%         3d6       100%        4
 Passage of Golubria      Tloc           0%         N/A       100%        4
 Arcjolt                  Conj/Air       0%         1d10      100%        5
 Silence                  Hex/Air        0%         N/A       100%        5
 Plasma Beam              Fire/Air       0%         2x1d11    100%        6
 Lehudib's Crystal Spear  Conj/Erth      0%         10d2      100%        8


Dungeon Overview and Level Annotations

Branches:
Dungeon (7/15)             Temple (1/1) D:6           Sewer (visited)

Altars:
Cheibriados
Dithmenos
Fedhas
Gozag
Kikubaaqudgha
Makhleb
Nemelex Xobeh
Okawaru
Qazlal
Sif Muna
Trog
Xom
Yredelemnul


Message History

You block the orc warrior's attack.
You slash something! You freeze something.
Reactivating autopickup.
You feel a bit more experienced.
A gnoll bouda comes into view. It is wielding a +0 whip.
The orc warrior hits you from afar with a +0 glaive!
You completely miss the gnoll.
The gnoll bouda shouts!
The gnoll hits you with a +0 whip of freezing.
The gnoll freezes you. You block the orc warrior's attack.
You slash the gnoll! You freeze the gnoll.
The gnoll is severely wounded.
The gnoll hits you with a +0 whip of freezing.
The gnoll freezes you. The orc warrior barely misses you.
You hit the gnoll. You freeze the gnoll.
You kill the gnoll!
A gnoll bouda comes into view. It is wielding a +0 whip.
The gnoll bouda barks out a call to the hunt!
The gnolls pick up the pace!
The orc warrior hits you from afar with a +0 glaive!
You hear a shout!
You barely miss the orc. You slash the orc! You freeze the orc.
You kill the orc!
The gnoll hits you from afar with a +1 spear of pain!
The orc warrior hits you from afar with a +0 glaive!
* * * LOW HITPOINT WARNING * * *
The gnoll hits you with a +0 flail.
* * * LOW HITPOINT WARNING * * *
The gnoll barely misses you.
You feel better. The gnoll hits you but does no damage.
The orc warrior hits you from afar with a +0 glaive!!
* * * LOW HITPOINT WARNING * * *
The gnoll is distracted by your dazzling golden aura.
You block the gnoll's attack.
The gnoll shouts!
You feel better.
The orc warrior hits you from afar with a +0 glaive!!
You die...
Your body crumbles into a pile of gold. ##........## ..[....... .....$..# g.....? g...$ ggo

#g# #@# ## #.#
#. #.# #. ###
#.# #. ..###.#
### #. ..##.#
.... #.##.##..#
#### #
#####.##....###.
...##
................
#..#


You could see an orc warrior, 2 gnoll boudas and 3 gnolls.

Vanquished Creatures
  Pikel (D:7)
  A wyvern (D:7)
  4 water moccasins
  An ice beast (D:7)
  A sky beast (D:6)
  An ogre (D:5)
  A phantom (D:4)
  A bullfrog (D:6)
  4 scorpions
  5 killer bees (D:7)
  2 hounds (D:4)
  2 jellies
  An orc priest (D:6)
  A sleepcap (D:4)
  Crazy Yiuf (D:5)
  2 iguanas (D:6)
  4 orc wizards
  5 gnolls
  5 adders
  A white imp (D:7)
  An ufetubus (D:6)
  2 worms
  2 dart slugs
  15 orcs
  6 ball pythons
  4 endoplasms
  4 giant cockroaches
  4 goblins
  12 hobgoblins
  A jackal (D:4)
  10 kobolds
  6 quokkas
  9 bats
  5 frilled lizards
  5 rats
130 creatures vanquished.

Notes
Turn   | Place    | Note
-------+----------+-------------------------------------------
     0 | D:1      | fireball365 the Hill Orc Fighter began the quest for the
                  | Orb.
     0 | D:1      | Reached XP level 1. HP: 19/19 MP: 1/1
    38 | D:1      | Reached skill level 3 in Axes
    54 | D:1      | Reached XP level 2. HP: 20/27 MP: 2/2
   584 | D:1      | Reached XP level 3. HP: 33/33 MP: 3/3
  1478 | D:2      | Reached skill level 4 in Axes
  1616 | D:3      | Reached XP level 4. HP: 34/40 MP: 4/4
  1798 | D:3      | Identified the +6 flail "Timellil" {flame, rN++ Will-
                  | Int+6}
  1978 | D:3      | Found a shimmering blue altar of Sif Muna.
  2152 | D:4      | Noticed a phantom
  2167 | D:4      | Killed a phantom
  2168 | D:4      | Reached skill level 5 in Axes
  2168 | D:4      | Reached skill level 1 in Dodging
  2168 | D:4      | Reached XP level 5. HP: 46/46 MP: 5/5
  2226 | D:4      | Noticed a water moccasin
  2239 | D:4      | Killed a water moccasin
  2240 | D:4      | Reached XP level 6. HP: 15/53 MP: 6/6
  2768 | D:4      | Reached skill level 6 in Axes
  2790 | D:4      | Reached skill level 5 in Armour
  3108 | D:5      | Entered Level 5 of the Dungeon
  3110 | D:5      | Identified a scroll of acquirement
  3110 | D:5      | Acquired the +7 war axe of the Bursted God {freeze,
                  | *Corrode rN++}
  3331 | D:5      | Reached XP level 7. HP: 60/60 MP: 7/7
  3355 | D:5      | Reached skill level 7 in Axes
  3396 | D:5      | Found a glowing drain.
  3401 | Sewer    | Entered a sewer
  3800 | D:5      | Reached skill level 5 in Fighting
  3800 | D:5      | Reached skill level 8 in Axes
  4019 | D:5      | Found a runed translucent door.
  4020 | D:5      | Noticed Crazy Yiuf
  4118 | D:5      | Killed Crazy Yiuf
  4119 | D:5      | Reached XP level 8. HP: 68/68 MP: 8/8
  4363 | D:6      | Reached skill level 9 in Axes
  4363 | D:6      | Reached skill level 1 in Stealth
  4657 | D:6      | Found a staircase to the Ecumenical Temple.
  4692 | Temple   | Entered the Ecumenical Temple
  4697 | Temple   | Became a worshipper of Gozag Ym Sagoz the Greedy
  5303 | D:7      | Noticed Pikel
  5313 | D:7      | Reached skill level 10 in Axes
  5313 | D:7      | Reached XP level 9. HP: 57/75 MP: 9/9
  5313 | D:7      | Killed Pikel
  5362 | D:7      | Reached skill level 11 in Axes
  5388 | D:7      | HP: 3/78 [orc warrior/+0 glaive (20)]
  5389 | D:7      | Mangled by an orc warrior

Illustrated notes

Levels and vault maps discovered:
D:1:      saegor_arrival_simple_a, layout_rooms, kennysheep_another_room,
          minivault_5, minmay_tromino_i2
D:2:      minmay_door_path, layout_basic, minmay_goblin_kobold_house
D:3:      layout_basic, led_sif_book
D:4:      minmay_diamond_boxcup, layout_loops_ring, kennysheep_path_1,
          hangedman_abyss_or_decor_lesser_grid
D:5:      layout_basic, gup_sewer_entry_bowl, uniq_crazy_yiuf_cottage
D:6:      layout_basic, temple_pool_b
D:7:      layout_rooms, general_overflow_altar, uniq_pikel
Temple:   hellmonk_temple_two_chambers

Skill      XL: |  1  2  3  4  5  6  7  8  9 |
---------------+----------------------------+-----
Axes           | 3 4 5 6 8 10 11 | 11.0
Fighting       | 4 5 6 |  6.8
Armour         | 4 5 6 7 |  7.4
Dodging        | 1 2 3 |  3.0
Shields        | 4 |  4.9
Stealth        | 1 |  1.0

Action                     |  1- 3 |  4- 6 |  7- 9 || total
---------------------------+-------+-------+-------++-------
  Melee: War axe           |   112 |   113 |   137 ||   362
    Use: Scroll            |     3 |     7 |     2 ||    12
         Potion            |       |       |     2 ||     2
 Armour: Scale mail        |    75 |    68 |    63 ||   206
  Dodge: Dodged            |    51 |    62 |    80 ||   193
  Block: Buckler           |    33 |    35 |    24 ||    92
